 Dungeon Crawl Stone Soup version 0.32-a0-675-gdc239d62e1 (webtiles) character file.

Game seed: 12829508386476107898

13265 javelincjr the Fighter (level 11, -2/92 HPs)
             Began as a Demonspawn Warper on Mar 11, 2024.
             Was a High Priest of Makhleb.
             Hit by a silver javelin thrown by a minotaur (6 damage)
             ... in a Gauntlet.
             The game lasted 00:40:56 (11889 turns).

javelincjr the Fighter (Demonspawn Warper)         Turns: 11889, Time: 00:40:56

Health: -2/92      AC: 24    Str: 14    XL:     11   Next: 73%
Magic:  9/21       EV: 18    Int: 25    God:    Makhleb [*****.]
Gold:   660        SH:  0    Dex: 10    Spells: 11/23 levels left

rFire   . . .        u - +9 quarterstaff of Eternal Harmony {protect, rElec Will+ Dex-3}
rCold   . . .        (shield currently unavailable)
rNeg    . . .        x - +0 acid dragon scales
rPois   .            (helmet restricted)
rElec   +            (no cloak)
rCorr   +            (no gloves)
SInv    .            o - +2 pair of boots
Will    +....        (no amulet)
Stlth   ++           g - +5 ring of evasion
HPRegen 0.35/turn    v - +6 ring of intelligence
MPRegen 0.17/turn

%: no teleportation
@: sanguine armoured, under a protective aura, on blink cooldown
A: horns 2, foul stench 2, sanguine armour 1, thin skeletal structure 1, clever
1, wild magic 1
a: Renounce Religion, Minor Destruction, Lesser Servant of Makhleb, Major
Destruction, Greater Servant of Makhleb


You were in a Gauntlet.
You worshipped Makhleb.
Makhleb was extremely pleased with you.
You visited 2 branches of the dungeon, and saw 11 of its levels.
You also visited: Gauntlet.

You collected 721 gold pieces.
You spent 61 gold pieces at shops.

Inventory:

Hand Weapons
 a - a +0 spear
 h - a +1 dagger of venom
 u - the +9 quarterstaff of Eternal Harmony (weapon) {protect, rElec Will+ Dex-3}
   (You found it on level 4 of the Dungeon)

   Dex-3:     It affects your dexterity (-3).
   rElec:     It insulates you from electricity.
   Will+:     It increases your willpower.
 I - a +5 spear
 K - a +3 trident of draining
 S - a +2 trident
Missiles
 d - 7 darts of dispersal
 j - 12 boomerangs
 k - 66 poisoned darts
 N - 6 curare-tipped darts
Armour
 b - a +0 leather armour
 o - a +2 pair of boots (worn)
 x - +0 acid dragon scales (worn)
 J - the +0 chain mail of Sube {rElec Int+3}
   (You found it on level 7 of the Dungeon)

   Int+3:     It affects your intelligence (+3).
   rElec:     It insulates you from electricity.
 L - an orb of mayhem
 X - a +0 pair of boots of flying
Magical Staves
 Y - the staff "Veorut" {rC+ Int+3 Ice}
   (You found it in a Gauntlet)

   [staff of cold]

   Base accuracy: +5 Base damage: 5 Base attack delay: 1.2 This weapon's minimum
   attack delay (0.6) is reached at skill level 12.
   Int+3:     It affects your intelligence (+3).
   rC+:       It protects you from cold.
   Ice:       It increases the power of your Ice spells.
   It falls into the 'Staves' category.
   It is a one-handed weapon.
Jewellery
 g - a +5 ring of evasion (left hand)
 v - a +6 ring of intelligence (right hand)
 E - a ring of ice
 W - a ring of flight
Wands
 A - a wand of flame (16)
 B - a wand of roots (16)
 P - a wand of charming (5)
Scrolls
 c - 4 scrolls of blinking
 e - 3 scrolls of noise
 i - 4 scrolls of teleportation
 l - 2 scrolls of torment
 s - a scroll of vulnerability
 y - a scroll of amnesia
 D - 2 scrolls of fog
 G - a scroll of revelation
 H - 2 scrolls of butterflies {unknown}
 M - a scroll of brand weapon {unknown}
 R - a scroll of poison {unknown}
 T - 2 scrolls of enchant armour
Potions
 f - a potion of brilliance
 m - 2 potions of haste
 n - 2 potions of lignification
 p - a potion of heal wounds
 q - 3 potions of berserk rage
 r - a potion of curing
 t - a potion of ambrosia
 w - 2 potions of might
 z - 2 potions of cancellation
 C - a potion of experience {unknown}
 F - 2 potions of enlightenment
 O - 2 potions of magic
 U - a potion of attraction {unknown}
 Z - a potion of resistance {unknown}
Miscellaneous
 Q - a lightning rod (4/4)
 V - a box of beasts (inert)


   Skills:
 * Level 10.4 Fighting
 - Level 2.5(4.8) Polearms
 + Level 6.4(6.6) Staves
 - Level 1.0 Throwing
 + Level 6.9 Armour
 + Level 6.8 Dodging
 + Level 6.8 Spellcasting
 + Level 7.1 Translocations


You had 11 spell levels left.
You knew the following spells:

 Your Spells              Type           Power      Damage    Failure   Level
a - Blink                 Tloc           100%       N/A       1%          2
b - Lesser Beckoning      Tloc           100%       N/A       1%          2
c - Teleport Other        Tloc           55%        N/A       3%          3
d - Manifold Assault      Tloc           55%        N/A       8%          4
e - Foxfire               Conj/Fire      44%        2x1d6     14%         1

Your spell library contained the following spells:

 Spells                   Type           Power      Damage    Failure   Level
 Passage of Golubria      Tloc           55%        N/A       8%          4
 Static Discharge         Conj/Air       22%        3-4/arc   21%         2
 Vhi's Electric Charge    Tloc/Air       68%        N/A       30%         4
 Fugue of the Fallen      Necr           11%        N/A       36%         3
 Inner Flame              Hex/Fire       11%        N/A       36%         3
 Ozocubu's Armour         Ice            11%        N/A       36%         3
 Airstrike                Air            5%         2d(1-17)  75%         4
 Anguish                  Hex/Necr       5%         N/A       75%         4
 Cause Fear               Hex            5%         N/A       75%         4
 Flame Wave               Conj/Fire      11%        2d6       75%         4
 Sticky Flame             Fire/Alch      11%        2d5       75%         4
 Summon Lightning Spire   Summ/Air       11%        N/A       75%         4
 Silence                  Hex/Air        5%         N/A       97%         5
 Plasma Beam              Fire/Air       5%         2x1d16    100%        6
 Starburst                Conj/Fire      5%         6d4       100%        6
 Enfeeble                 Hex            5%         N/A       100%        7
 Lehudib's Crystal Spear  Conj/Erth      5%         10d3      100%        8


Dungeon Overview and Level Annotations

Branches:
Dungeon (10/15)            Temple (0/1) D:7            Lair (1/5) D:10
    Orc (0/2) D:9         Gauntlet (1/1)

Altars:
Ashenzari
Kikubaaqudgha
Makhleb
Nemelex Xobeh
Trog
Uskayaw
Vehumet
Wu Jian
Yredelemnul
Beogh

Shops:
D:1 !   D:3 *   D:4 [   D:5 [**   D:6 ?

Annotations:
Gauntlet 8 transporters, 1 runed translucent door, exclusion: obsidian statue


Innate Abilities, Weirdness & Mutations

You have a pair of horns on your head.
You sometimes emit foul miasma when damaged in melee.
When seriously injured, your blood forms armour. (AC +6)
You have a somewhat thin skeletal structure. (Dex +2, Stealth+)
Your mind is acute. (Int +4, Str/Dex -1)
Your spells are a little harder to cast, but a little more powerful.


Message History

Your magical contamination has completely faded away.
You hit the minotaur.
Your weapon exudes an aura of protection.
The minotaur is lightly wounded.
The minotaur is engulfed in dark miasma.
The minotaur is poisoned.
The minotaur hits you but does no damage.
The minotaur misses you.
You hit the minotaur but do no damage. Your headbutt misses the minotaur.
The minotaur is lightly wounded.
You feel ready to blink again.
Your larval stingfire beast hits the minotaur but does no damage.
Your larval stingfire beast stings the minotaur but does no damage.
The minotaur is engulfed in dark miasma.
The minotaur looks even sicker.
The minotaur hits you with the +8 rapier "Telyulag"!
* * * LOW HITPOINT WARNING * * *
The minotaur burns you.
* * * LOW HITPOINT WARNING * * *
The minotaur gores you but does no damage.
You feel much better.
Your larval stingfire beast hits the minotaur but does no damage.
Your larval stingfire beast barely misses the minotaur.
The minotaur is engulfed in dark miasma.
The minotaur looks even sicker.
The minotaur hits you with the +8 rapier "Telyulag"!!
* * * LOW HITPOINT WARNING * * *
The minotaur burns you!
* * * LOW HITPOINT WARNING * * *
The minotaur gores you!
* * * LOW HITPOINT WARNING * * *
Casting: Blink (safe; 1% risk of failure)
Confirm with . or Enter, or press ? or * to list all spells.
You blink.
Your larval stingfire beast hits the minotaur but does no damage.
Your larval stingfire beast stings the minotaur but does no damage.
The minotaur is engulfed in dark miasma.
The minotaur looks as sick as possible!
The minotaur throws a silver javelin.
The silver javelin pierces through you.
You die...

#.........♣.≈##
#########...≈≈## ##
##.#.#.##...≈##. .#
#.#.#.#.#.P.###. .##
##.#.#[##.♣..##....
#.#.#.#©#.PP..#.♣.###
##.#©#!##..P♣.#.....
#.#.#W#[#.....#.©.#
##W#W#W##.....#.@.# #
#########.....#.©.# .#
...........∩..#...# #.
#########.....#.©.# .
#.......#.....#...#H# ##
#..#.#..#...P.#.H.#.#....
#..#.#..#..P♣.#H.§.......
#..#©#.©#.P...#.♣.###.##.#
#..#.#..#.♣..##..........#


You could see a minotaur (extremely poisoned, ally target) and a friendly larval
stingfire beast (summoned).

Vanquished Creatures
  A quicksilver ooze (Gauntlet)
  A two-headed ogre (D:8)
  A sixfirhy (Gauntlet)
  A necromancer (Gauntlet)
  A cane toad (Lair:1)
  A kobold demonologist (D:10)
  A komodo dragon (Lair:1)
  Jeremiah (D:7)
  A troll (D:10)
  A hornet (D:10)
  Grinder (D:5)
  A spriggan (shapeshifter) (D:9)
  A shadow (D:10)
  A wyvern (D:7)
  A steam dragon (D:5)
  22 yaks
  Edmund (D:4)
  An acid dragon (D:5)
  Duvessa (D:6)
  An ice beast (D:8)
  7 orc warriors
  A black bear (D:6)
  3 ogres
  A centaur (D:6)
  5 wolves (Gauntlet)
  12 kobold brigands
  3 bullfrogs
  A scorpion (D:6)
  Dowan (D:6)
  10 wights
  21 killer bees
  7 electric eels (D:10)
  4 howler monkeys
  3 hounds
  4 orc priests
  A jelly (D:5)
  Terence (D:2)
  Ijyb (D:5)
  5 iguanas
  3 orc wizards
  7 adders
  3 shadow imps
  6 ufetubi
  6 dart slugs
  A ribbon worm (D:3)
  39 orcs
  8 bats
  5 endoplasms
  6 giant cockroaches
  5 goblins
  A hobgoblin (D:3)
  7 jackals
  5 quokkas
  4 ball pythons
  3 frilled lizards
  50 kobolds
  14 kobold skeletons (D:10)
  4 kobold zombies (D:10)
  5 rats
314 creatures vanquished.

Vanquished Creatures (others)
  130 foxfires
130 creatures vanquished.

Grand Total: 444 creatures vanquished

Notes
Turn   | Place    | Note
-------+----------+-------------------------------------------
     0 | D:1      | javelincjr the Demonspawn Warper began the quest for the
                  | Orb.
     0 | D:1      | Reached XP level 1. HP: 16/16 MP: 3/3
    45 | D:1      | Found a faded altar of an unknown god.
    81 | D:1      | Reached skill level 1 in Armour
    82 | D:1      | Reached skill level 1 in Throwing
    85 | D:1      | Found Yfrucs's Distillery.
   182 | D:1      | Gained mutation: You may rarely emit foul miasma when
                  | damaged in melee. [demonic ancestry]
   182 | D:1      | Reached XP level 2. HP: 14/22 MP: 5/5
   530 | D:1      | Learned a level 2 spell: Blink
   533 | D:1      | Learned a level 2 spell: Lesser Beckoning
   684 | D:2      | Noticed Terence
   708 | D:2      | Killed Terence
   709 | D:2      | Gained mutation: You have a pair of small horns on your
                  | head. [demonic ancestry]
   709 | D:2      | Reached XP level 3. HP: 19/28 MP: 6/6
   835 | D:2      | Gained mutation: You sometimes emit foul miasma when
                  | damaged in melee. [demonic ancestry]
   835 | D:2      | Reached XP level 4. HP: 30/34 MP: 7/7
  1428 | D:3      | Found Iwuqerphoco's Assorted Antiques.
  1432 | D:3      | Reached skill level 3 in Fighting
  1444 | D:3      | Bought 2 bubbling pink potions for 41 gold pieces
  1444 | D:3      | Bought a red potion for 20 gold pieces
  2121 | D:3      | Reached XP level 5. HP: 37/41 MP: 8/8
  2229 | D:4      | Found Ilal's Armour Shop.
  2378 | D:4      | Identified the +9 quarterstaff of Eternal Harmony {protect,
                  | rElec Will+ Dex-3}
  2750 | D:5      | Entered Level 5 of the Dungeon
  2750 | D:5      | Noticed Edmund
  2750 | D:5      | Noticed an acid dragon
  2930 | D:5      | Killed an acid dragon
  2931 | D:5      | Reached skill level 1 in Staves
  2931 | D:5      | Gained mutation: When seriously injured, your blood forms
                  | armour. (AC +6) [demonic ancestry]
  2931 | D:5      | Reached XP level 6. HP: 17/48 MP: 8/10
  3065 | D:4      | Killed Edmund
  3066 | D:4      | Reached skill level 4 in Fighting
  3335 | D:5      | Found Pozotutt's General Store.
  3359 | D:5      | Found Vapelam's General Store.
  3363 | D:5      | Noticed Grinder
  3372 | D:5      | Killed Grinder
  3373 | D:5      | Gained mutation: You have a pair of horns on your head.
                  | [demonic ancestry]
  3373 | D:5      | Reached XP level 7. HP: 49/55 MP: 11/11
  3410 | D:5      | Noticed Ijyb
  3427 | D:5      | Killed Ijyb
  3563 | D:5      | Found a basalt altar of Yredelemnul.
  3569 | D:5      | Noticed a steam dragon
  3577 | D:5      | Killed a steam dragon
  3578 | D:5      | Reached skill level 5 in Fighting
  3772 | D:5      | Found Tuasuewu's Armour Emporium.
  4052 | D:6      | Found an ornate altar of the Wu Jian Council.
  4103 | D:6      | Noticed Duvessa
  4103 | D:6      | Noticed Dowan
  4125 | D:6      | Reached XP level 8. HP: 35/62 MP: 13/13
  4126 | D:6      | Found a broken altar of Ashenzari.
  4304 | D:6      | Killed Duvessa
  4311 | D:6      | Killed Dowan
  4414 | D:6      | Reached skill level 6 in Fighting
  4521 | D:6      | Found a hide-covered altar of Uskayaw.
  4795 | D:6      | Found Majiemn's Magic Scroll Boutique.
  4936 | D:6      | Found a burning altar of Makhleb.
  4947 | D:6      | Became a worshipper of Makhleb the Destroyer
  4980 | D:6      | Found a broken altar of Ashenzari.
  5214 | D:6      | Reached XP level 9. HP: 69/71 MP: 15/15
  5669 | D:7      | Found a staircase to the Ecumenical Temple.
  5971 | D:7      | Reached skill level 7 in Fighting
  5971 | D:7      | Reached skill level 5 in Translocations
  6015 | D:7      | Learned a level 3 spell: Teleport Other
  6020 | D:7      | Learned a level 4 spell: Manifold Assault
  6022 | D:7      | Learned a level 1 spell: Foxfire
  6365 | D:7      | Identified the +0 chain mail of Sube {rElec Int+3}
  6412 | D:7      | Noticed Jeremiah
  6444 | D:7      | Killed Jeremiah
  6902 | D:8      | Reached * piety under Makhleb
  6932 | D:8      | Reached skill level 5 in Spellcasting
  7204 | D:8      | Noticed a two-headed ogre
  7218 | D:8      | Killed a two-headed ogre
  7219 | D:8      | Reached skill level 5 in Armour
  7219 | D:8      | Reached skill level 5 in Dodging
  7248 | D:8      | Reached XP level 10. HP: 80/80 MP: 12/17
  7366 | D:8      | Reached skill level 8 in Fighting
  7371 | D:8      | Reached ** piety under Makhleb
  8475 | D:9      | Gained mutation: Your spells are a little harder to cast,
                  | but a little more powerful. [potion of mutation]
  8475 | D:9      | Gained mutation: Your mind is acute. (Int +4, Str/Dex -1)
                  | [potion of mutation]
  8475 | D:9      | Gained mutation: You have a somewhat thin skeletal
                  | structure. (Dex +2, Stealth+) [potion of mutation]
  8517 | D:9      | Identified the +10 whip of the Butterfly {freeze, rF+
                  | Int+2}
  8579 | D:9      | Reached skill level 5 in Staves
  8609 | D:9      | Reached *** piety under Makhleb
  8681 | D:9      | Found a radiant altar of Vehumet.
  8928 | D:9      | Reached skill level 9 in Fighting
  8960 | D:9      | Found a roughly hewn altar of Beogh.
  8960 | D:9      | Found a staircase to the Orcish Mines.
  9378 | D:10     | Entered Level 10 of the Dungeon
  9920 | D:10     | Found a bloodstained altar of Trog.
 10043 | D:10     | Reached XP level 11. HP: 84/89 MP: 3/20
 10061 | D:10     | Reached **** piety under Makhleb
 10178 | D:10     | Found an ancient bone altar of Kikubaaqudgha.
 10185 | D:10     | Noticed a sun demon
 10186 | D:10     | Noticed a sixfirhy
 10378 | D:10     | Reached ***** piety under Makhleb
 10470 | D:10     | Found a sparkling altar of Nemelex Xobeh.
 10529 | D:10     | Paralysed by a hornet for 1 turns
 10842 | D:10     | Found a staircase to the Lair.
 11152 | Lair:1   | Entered Level 1 of the Lair of Beasts
 11354 | Lair:1   | Found a gate leading to a gauntlet.
 11383 | Lair:1   | Reached skill level 10 in Fighting
 11401 | Gauntlet | Entered a Gauntlet
 11401 | Gauntlet | Found a transporter.
 11401 | Gauntlet | Found a runed translucent door.
 11403 | Gauntlet | Found a runed translucent door.
 11403 | Gauntlet | Noticed a sixfirhy
 11406 | Gauntlet | Found a transporter.
 11408 | Gauntlet | Found a transporter.
 11415 | Gauntlet | Noticed a necromancer
 11430 | Gauntlet | Found a transporter.
 11431 | Gauntlet | Found a transporter.
 11436 | Gauntlet | Noticed a quicksilver ooze
 11444 | Gauntlet | Found a transporter.
 11444 | Gauntlet | Noticed a fire crab
 11461 | Gauntlet | Found a transporter.
 11471 | Gauntlet | Found a transporter.
 11478 | Gauntlet | Noticed an obsidian statue
 11481 | Gauntlet | Found a transporter.
 11496 | Gauntlet | Found a transporter.
 11502 | Gauntlet | Noticed a catoblepas
 11506 | Gauntlet | Found a transporter.
 11511 | Gauntlet | Found a transporter.
 11597 | Gauntlet | Found a transporter.
 11620 | Gauntlet | Found a transporter.
 11715 | Gauntlet | Killed a sixfirhy
 11799 | Gauntlet | Killed a necromancer
 11842 | Gauntlet | Identified the staff "Veorut" {rC+ Int+3 Ice}
 11860 | Gauntlet | Killed a quicksilver ooze
 11875 | Gauntlet | Identified the +8 rapier "Telyulag" {flame, rC+}
 11875 | Gauntlet | Noticed a minotaur
 11888 | Gauntlet | HP: 4/92 [minotaur/the +8 rapier "Telyulag" {flame, rC+}
                  | (12)]
 11889 | Gauntlet | Hit by a silver javelin thrown by a minotaur

Illustrated notes

Levels and vault maps discovered:
D:1:      dpeg_arrival_rhombus, layout_rooms, serial_shops,
          nicolae_shop_industrial_runoff, ebering_ecumenical_altar_rust,
          serial_bayou_lagoon_a, nrook_campfire, minmay_hexomino_f4
D:2:      layout_loops_ring, uniq_terence
D:3:      layout_basic, serial_shops, shop, patterned_corridor
D:4:      layout_basic, serial_shops, nicolae_shop_gibbet_a_chance,
          minmay_misc_feat_alley
D:5:      layout_rooms, lemuel_doored_altar, serial_shops, shop,
          nicolae_wooded_promenade, nicolae_houndstooth_variations, uniq_ijyb,
          uniq_grinder, uniq_edmund
D:6:      layout_basic, makhleb_grotto_becter, amcnicky_altar_gilded,
          mainiacjoe_overflow_concentric_impassable,
          nicolae_wu_jian_glorious_leap, nicolae_overflow_crystal_walls,
          serial_shops, kennysheep_mini_moat, minmay_ruined_shrine, uniq_duvessa
D:7:      layout_basic, lemuel_temple_firewalk_a, uniq_jeremiah
D:8:      layout_layer_cave, chequers_jeans
D:9:      layout_basic, mainiacjoe_overflow_catwalk, david_orc_5,
          hangedman_abyss_or_decor_lesser_grid
D:10:     wander_kiku_kobolds, layout_basic, mainiacjoe_overflow_brackets,
          nemelex_xobeh_ov_fountains_minmay
Lair:1:   layout_cave_pods, gauntlet_entry_generic
Gauntlet: minmay_gauntlet_77_tree [minmay_gauntlet_arena_77_shame_cube,
          minmay_gauntlet_arena_77_fan, minmay_gauntlet_arena_77_box,
          minmay_gauntlet_arena_77_broken_ladder,
          minmay_gauntlet_arena_77_chump_sandwich,
          minmay_gauntlet_arena_77_checkered, minmay_gauntlet_arena_77_mess,
          nicolae_gauntlet_exit_dead_adventurers]

Skill      XL: |  1  2  3  4  5  6  7  8  9 10 11 |
---------------+----------------------------------+-----
Armour         | 1 2 3 4 5 6 |  6.9
Throwing       | 1 |  1.0
Polearms       | 2 |  2.5
Dodging        | 2 3 4 5 6 |  6.8
Translocations | 3 4 5 6 7 |  7.1
Fighting       | 3 4 5 6 7 9 10 | 10.4
Staves         | 1 2 3 4 5 6 |  6.4
Spellcasting   | 3 4 5 6 |  6.8

Action                     |  1- 3 |  4- 6 |  7- 9 | 10-12 || total
---------------------------+-------+-------+-------+-------++-------
  Melee: Spear             |   144 |   102 |       |       ||   246
         Headbutt          |       |    17 |    30 |    65 ||   112
         Quarterstaff      |       |    60 |   253 |   470 ||   783
  Throw: Dart              |       |     7 |       |       ||     7
   Cast: Blink             |       |     1 |     1 |     3 ||     5
         Foxfire           |       |       |    16 |    59 ||    75
         Lesser Beckoning  |       |       |     1 |       ||     1
         Manifold Assault  |       |       |       |    21 ||    21
 Invoke: Minor Destruction |       |       |       |     1 ||     1
  Evoke: Box of beasts     |       |       |       |     1 ||     1
    Use: Scroll            |       |       |    14 |     9 ||    23
         Potion            |       |       |       |     3 ||     3
   Stab: Sleeping          |       |     3 |       |       ||     3
 Armour: Leather armour    |    37 |    64 |       |       ||   101
         Acid dragon scale |       |     3 |   188 |   304 ||   495
  Dodge: Dodged            |    94 |   108 |   258 |   497 ||   957

Table legend: (Time is in decaauts)
 A = Elapsed time spent in this place.
 B = Non-inter-level travel time spent in this place.
 C = Inter-level travel time spent in this place.
 D = Time resting spent in this place.
 E = Time spent auto-exploring this place.
 F = Levels seen in this place.
 G = Mean time per level.
                   A        B        C        D        E       F      G
               +--------+--------+--------+--------+--------+-----+--------+
         Total |  11956 |  11615 |    341 |    346 |   8639 |  12 |  996.3 |
       Dungeon |  11221 |  10887 |    334 |    346 |   8511 |  10 | 1122.1 |
          Lair |    248 |    241 |      7 |      0 |    128 |   1 |  248.0 |
      Gauntlet |    486 |    486 |      0 |      0 |      0 |   1 |  486.0 |
               +--------+--------+--------+--------+--------+-----+--------+

Top non-repeatable levels by time:
    D:10: 1786 daAuts
     D:6: 1476 daAuts
     D:8: 1471 daAuts
     D:7: 1298 daAuts
     D:9: 1061 daAuts
     D:5: 995 daAuts
     D:4: 947 daAuts
     D:3: 758 daAuts
     D:2: 746 daAuts
     D:1: 679 daAuts
Gauntlet: 486 daAuts
  Lair:1: 248 daAuts
